 Dungeon Crawl Stone Soup version 0.31-a0-1-g4198be8af4 (webtiles) character file.

Game seed: 11940138620477022491

116 Jeffwins the Grave Robber (level 5, -2/31 HPs)
             Began as an Octopode Necromancer on May 1, 2023.
             Slain by Grinder (3 damage)
             ... on level 3 of the Dungeon.
             The game lasted 00:05:50 (2096 turns).

Jeffwins the Grave Robber (Octopode Necromancer)    Turns: 2096, Time: 00:05:51

Health: -2/31      AC:  5    Str:  7    XL:     5   Next: 1%
Magic:  9/9        EV: 13    Int: 19    God:
Gold:   39         SH:  0    Dex: 13    Spells: 5/9 levels left

rFire   + . .        a - +1 spear (pain)
rCold   + . .        (no shield)
rNeg    . . .        (helmet restricted)
rPois   +            g - amulet of the acrobat
rElec   +            O - +4 ring of protection
rCorr   +            (no ring)
SInv    .            (no ring)
Will    .....        (no ring)
Stlth   +++          (no ring)
HPRegen 0.25/turn    (no ring)
MPRegen 0.11/turn    (no ring)
                     (no ring)

%: acrobat
@: resistant
A: almost no armour, amphibious, 8 rings, camouflage 1, gelatinous body 1,
(nimble swimmer 1), tentacles
a: no special abilities


You were on level 3 of the Dungeon.
You visited 1 branch of the dungeon, and saw 3 of its levels.

You collected 39 gold pieces.


Innate Abilities, Weirdness & Mutations

You cannot wear most types of armour.
You are amphibious.
You can wear up to eight rings at the same time.
Your skin changes colour to match your surroundings (Stealth+).
Your rubbery body absorbs attacks. (AC +1, EV +1)
((You are camouflaged when in or above water. (Stealth+)))
You have tentacles for arms and can constrict up to eight enemies at once.


   Skills:
 * Level 1.2 Polearms
 + Level 2.6 Dodging
 + Level 3.6 Stealth
 * Level 2.9 Spellcasting
 * Level 4.7 Necromancy


You had 5 spell levels left.
You knew the following spells:

 Your Spells              Type           Power      Damage    Failure   Level
x - Vampiric Draining     Necr           20%        2d7       7%          3
z - Necrotise             Necr           80%        1d8       2%          1

Your spell library contained the following spells:

 Spells                   Type           Power      Damage    Failure   Level
 Animate Dead             Necr           20%        N/A       22%         4
 Agony                    Necr           20%        N/A       52%         5

Inventory:

Hand Weapons
 a - a +1 spear of pain (weapon)
Missiles
 m - 3 poisoned darts
Jewellery
 g - an amulet of the acrobat (around mantle)
 O - a +4 ring of protection (left tentacle)
Wands
 f - a wand of flame (1)
Scrolls
 b - 2 scrolls of fog {unknown}
 d - a scroll of poison {unknown}
 e - 2 scrolls of fear {unknown}
 h - a scroll of identify {unknown}
 i - 3 scrolls of noise {unknown}
 j - 2 scrolls of magic mapping {unknown}
 l - a scroll of enchant weapon {unknown}
Potions
 c - a potion of resistance
 k - a potion of magic
 n - a potion of berserk rage {unknown}
 o - a potion of flight {unknown}

Dungeon Overview and Level Annotations

Branches:
Dungeon (3/15)

Altars:

Shops:
D:1 =

Annotations:
D:3 Grinder

............
#...<...#######
.#.###.......#.##.##.#
.## ####.#### ##.##.#
#.#..##.# #.#.###.#
#.>.....# ###.#####
#.......# #.#@###.#
#.#{# #######.#..
#.......##.##.#
#.#####.......#
#ยง......##.####
#.##....w .# #.##.####
... ..#


There were no monsters in sight!


Message History

You closely miss something. Something hits you but does no damage.
You closely miss something. Something hits you but does no damage.
You hit something. Something hits you but does no damage.
You closely miss something.
Your transformation is almost over.
Something hits you but does no damage.
You cannot move.
You closely miss something. Something hits you but does no damage.
You hit something.
You swing at nothing.
Unknown command.
You feel less wooden.
You suddenly lose the ability to move!
Pain shoots through your body!
* * * LOW HITPOINT WARNING * * *
You can move again.
Unknown command.
Aiming: Throw Flame
Press: ? - help, Shift-Dir - straight line Unknown command.
Okay, then.
Aiming: Throw Flame
Press: ? - help, Shift-Dir - straight line The puff of flame hits something.
Something hits you.
* * * LOW HITPOINT WARNING * * *
Unknown command.
Aiming: Throw Flame
Press: ? - help, Shift-Dir - straight line The puff of flame hits something.
Something hits you.
You die...

Skill      XL: |  1  2  3  4 |
---------------+-------------+-----
Stealth        | 3 |  3.6
Polearms       | 1 |  1.2
Dodging        | |  2.6
Spellcasting   | |  2.9
Necromancy     | |  4.7

Action                     |  1- 3 |  4- 6 || total
---------------------------+-------+-------++-------
  Melee: Unarmed           |    79 |       ||    79
         Tentacles         |    20 |    12 ||    32
         Constrict         |    22 |    13 ||    35
         Spear             |     7 |    70 ||    77
         Punch             |       |     1 ||     1
   Cast: Necrotise         |    11 |       ||    11
         Vampiric Draining |       |     1 ||     1
  Evoke: Wand              |       |     3 ||     3
    Use: Potion            |       |     2 ||     2
   Stab: Sleeping          |     9 |     7 ||    16
         Distracted        |     1 |     1 ||     2
 Armour: Skin              |    21 |    20 ||    41
  Dodge: Dodged            |    57 |    17 ||    74

Levels and vault maps discovered:
D:1:      noname_arrival_rooms_in_the_neighbourhood, layout_loops_ring,
          serial_shops, shop, minmay_misc_feat_iff
D:2:      minmay_angry_zag, layout_loops_corners
D:3:      layout_loops_cross, nicolae_vehumet_radiance,
          dreamdust_ecumenical_altar_grove, st_stairs_11, uniq_grinder

Notes
Turn   | Place    | Note
-------+----------+-------------------------------------------
     0 | D:1      | Jeffwins the Octopode Necromancer began the quest for the
                  | Orb.
     0 | D:1      | Reached XP level 1. HP: 11/11 MP: 3/3
   230 | D:1      | Reached XP level 2. HP: 17/17 MP: 5/5
   354 | D:1      | Reached skill level 3 in Stealth
   418 | D:1      | Found Fyubbag's Jewellery Shop.
   470 | D:1      | Reached XP level 3. HP: 17/21 MP: 6/6
   700 | D:1      | You fall into a shaft and drop 1 floor!
   754 | D:2      | Learned a level 3 spell: Vampiric Draining
  1199 | D:2      | Reached XP level 4. HP: 16/27 MP: 8/8
  1605 | D:2      | Reached skill level 1 in Polearms
  1796 | D:3      | Found a faded altar of an unknown god.
  1963 | D:3      | Reached XP level 5. HP: 23/31 MP: 6/9
  2052 | D:3      | Noticed Grinder
  2069 | D:3      | Paralysed by Grinder for 3 turns
  2072 | D:3      | Identified 2 potions of resistance
  2092 | D:3      | Paralysed by something for 2 turns
  2095 | D:3      | HP: 1/31 [something (4)]
  2096 | D:3      | Slain by Grinder

Vanquished Creatures
  A gnoll (D:2)
  6 adders
  A worm (D:3)
  3 dart slugs
  6 bats
  A giant cockroach (D:1)
  4 goblins
  A hobgoblin (D:2)
  3 jackals (D:1)
  4 kobolds
  2 quokkas
  3 ball pythons
  9 frilled lizards
  8 rats
52 creatures vanquished.

Vanquished Creatures (others)
  A fungus (D:3)
  2 plants (D:3)
3 creatures vanquished.

Grand Total: 55 creatures vanquished

Table legend: (Time is in decaauts)
 A = Elapsed time spent in this place.
 B = Non-inter-level travel time spent in this place.
 C = Inter-level travel time spent in this place.
 D = Time resting spent in this place.
 E = Time spent auto-exploring this place.
 F = Levels seen in this place.
 G = Mean time per level.
                   A        B        C        D        E       F      G
               +--------+--------+--------+--------+--------+-----+--------+
         Total |   2098 |   2034 |     64 |      7 |   1597 |   3 |  699.3 |
       Dungeon |   2098 |   2034 |     64 |      7 |   1597 |   3 |  699.3 |
               +--------+--------+--------+--------+--------+-----+--------+

Top non-repeatable levels by time:
     D:2: 974 daAuts
     D:1: 819 daAuts
     D:3: 305 daAuts

Table legend:
 A = Non-vault XP
 B = Vault XP
 C = Vault XP percentage of total XP
 D = Non-vault monster count
 E = Vault monster count
 F = Vault count percentage of total count
                 A         B        C        D         E       F
            +---------+---------+-------+---------+---------+-------
      Total |     131 |      36 |  21.6 |      44 |       8 |  15.4
            +---------+---------+-------+---------+---------+-------
        D:1 |      38 |       0 |   0.0 |      22 |       0 |   0.0
        D:2 |      81 |      21 |  20.6 |      17 |       6 |  26.1
        D:3 |      12 |      15 |  55.6 |       5 |       2 |  28.6
            +---------+---------+-------+---------+---------+-------
